| TOP OF THE 1ST |
|
Tacoma Rainiers batting - Pitching for Salt Lake Bees : RHP Chris Wood
|
|
Pitching: RHP Chris Wood
|
|
|
Batting: RHB David Aguilar
|
0-0: Swinging Strike 0-1: Ball 1-1: Foul Ball, location: 2F 1-2: Strikes out swinging
|
|
Batting: RHB Sean Peake
|
0-0: Called Strike 0-1: Ball 1-1: Ball 2-1: Ground out 6-3 (Groundball, 6, EV 109.4 MPH)
|
|
Batting: RHB Bill Vives
|
0-0: SINGLE (Groundball, 6MD, EV 103.8 MPH)
|
|
Batting: LHB Ryan Lowe
|
0-0: Called Strike 0-1: Called Strike 0-2: Fly out, F9 (Flyball, 9S, EV 86.9 MPH)
|
| Top of the 1st over - 0 runs, 1 hit, 0 errors, 1 left on base; Tacoma 0 - Salt Lake 0 |
| BOTTOM OF THE 1ST |
|
Salt Lake Bees batting - Pitching for Tacoma Rainiers : RHP Amine Laurent
|
|
Pitching: RHP Amine Laurent
|
|
|
Batting: RHB Reginald McDougall
|
0-0: Foul Ball, location: 2F 0-1: Ball 1-1: Ball 2-1: Ground out 6-3 (Groundball, 6, EV 94.4 MPH)
|
|
Batting: RHB Justin Lauderdale
|
0-0: Called Strike 0-1: Foul Ball, location: 2F 0-2: Foul Ball, location: 2F 0-2: Foul Ball, location: 2F 0-2: Ball 1-2: Foul Ball, location: 2F 1-2: Foul Ball, location: 2F 1-2: Ball 2-2: Foul Ball, location: 2F 2-2: SINGLE (Line Drive, 8RS, EV 99.4 MPH)
|
|
Batting: RHB Mike Harkins
|
0-0: Called Strike 0-1: Ball 1-1: Ball 2-1: Ball 3-1: Foul Ball, location: 2F 3-2: Foul Ball, location: 2F 3-2: Foul Ball, location: 2F 3-2: Foul Ball, location: 2F 3-2: Base on Balls Justin Lauderdale to second
|
|
Batting: LHB Vinny Carreno
|
0-0: Foul Ball, location: 2F 0-1: Swinging Strike 0-2: Strikes out swinging
|
|
Batting: RHB Andres Mendiola
|
0-0: Called Strike 0-1: Called Strike 0-2: Ball 1-2: Strikes out swinging
|
| Bottom of the 1st over - 0 runs, 1 hit, 0 errors, 2 left on base; Tacoma 0 - Salt Lake 0 |
| TOP OF THE 2ND |
|
Tacoma Rainiers batting - Pitching for Salt Lake Bees : RHP Chris Wood
|
|
Batting: RHB Kumar Madugula
|
0-0: Called Strike 0-1: DOUBLE (Line Drive, 7LD, EV 103.8 MPH)
|
|
Batting: SHB Ismael Bello
|
0-0: Foul Ball, location: 2F 0-1: Ball 1-1: Ground out 2-3 (Groundball, 13S, EV 71.9 MPH) Kumar Madugula to third
|
|
Batting: SHB Tony de Lara
|
0-0: Ball 1-0: Called Strike 1-1: Ball 2-1: SINGLE (Line Drive, 5D, EV 103.1 MPH) Kumar Madugula scores
|
|
Batting: RHB Jim Begger
|
0-0: Foul Ball, location: 2F 0-1: Foul Ball, location: 2F 0-2: Foul Ball, location: 2F 0-2: DOUBLE (Line Drive, 8RXD, EV 112.5 MPH) Tony de Lara to third Runner from 3rd tries for Home, SAFE, no throw by CF
|
|
Batting: RHB Matt Berkley
|
0-0: Ball 1-0: Ball 2-0: Ball 3-0: Called Strike 3-1: Ground out 4-3 (Groundball, 4MS, EV 81.9 MPH) Jim Begger to third
|
|
Batting: RHB David Aguilar
|
0-0: Ball 1-0: Called Strike 1-1: Foul Ball, location: 2F 1-2: Ball 2-2: Ball 3-2: Foul Ball, location: 2F 3-2: Ground out 6-3 (Groundball, 6, EV 90.6 MPH)
|
| Top of the 2nd over - 2 runs, 3 hits, 0 errors, 1 left on base; Tacoma 2 - Salt Lake 0 |
| BOTTOM OF THE 2ND |
|
Salt Lake Bees batting - Pitching for Tacoma Rainiers : RHP Amine Laurent
|
|
Batting: LHB Matt Patnaude
|
0-0: Foul Ball, location: 2F 0-1: Ball 1-1: Fly out, F9 (Flyball, 9S, EV 85.6 MPH)
|
|
Batting: RHB Guillermo Mojica
|
0-0: Ball 1-0: Called Strike 1-1: Ball 2-1: Called Strike 2-2: Ground out 4-3 (Groundball, 4, EV 80.6 MPH)
|
|
Batting: RHB Ryan Marler
|
0-0: Ball 1-0: Fly out, F8 (Flyball, 8RD, EV 106.2 MPH)
|
| Bottom of the 2nd over - 0 runs, 0 hits, 0 errors, 0 left on base; Tacoma 2 - Salt Lake 0 |
| TOP OF THE 3RD |
|
Tacoma Rainiers batting - Pitching for Salt Lake Bees : RHP Chris Wood
|
|
Batting: RHB Sean Peake
|
0-0: Ground out 6-3 (Groundball, P, EV 82.5 MPH)
|
|
Batting: RHB Bill Vives
|
0-0: Ball 1-0: Ball 2-0: Called Strike 2-1: Ground out 6-3 (Groundball, 6, EV 76.2 MPH)
|
|
Batting: LHB Ryan Lowe
|
0-0: Ball 1-0: Foul Ball, location: 2F 1-1: Fly out, F8 (Flyball, 8LM, EV 97.5 MPH)
|
| Top of the 3rd over - 0 runs, 0 hits, 0 errors, 0 left on base; Tacoma 2 - Salt Lake 0 |
| BOTTOM OF THE 3RD |
|
Salt Lake Bees batting - Pitching for Tacoma Rainiers : RHP Amine Laurent
|
|
Batting: SHB Ivan Barry
|
0-0: Foul Ball, location: 2F 0-1: Ground out 5-3 (Groundball, 56, EV 86.9 MPH)
|
|
Batting: RHB Reginald McDougall
|
0-0: Swinging Strike 0-1: Ball 1-1: Ball 2-1: Foul Ball, location: 2F 2-2: Ground out 6-3 (Groundball, 6, EV 80.6 MPH)
|
|
Batting: RHB Justin Lauderdale
|
0-0: Called Strike 0-1: Called Strike 0-2: SOLO HOME RUN (Flyball, 9D, EV 96.2 MPH), Distance : 370 ft
|
|
Batting: RHB Mike Harkins
|
0-0: Ball 1-0: Ball 2-0: SINGLE (Line Drive, 6M, EV 96.9 MPH)
|
|
Batting: LHB Vinny Carreno
|
0-0: Ball 1-0: Ball 2-0: Ball 3-0: Base on Balls Mike Harkins to second
|
|
Batting: RHB Andres Mendiola
|
0-0: Called Strike 0-1: Ball 1-1: Foul Ball, location: 2F 1-2: Fielders Choice at 2nd, 6-4 (Groundball, 6, EV 88.1 MPH)
|
| Bottom of the 3rd over - 1 run, 2 hits, 0 errors, 2 left on base; Tacoma 2 - Salt Lake 1 |
| TOP OF THE 4TH |
|
Tacoma Rainiers batting - Pitching for Salt Lake Bees : RHP Chris Wood
|
|
Batting: RHB Kumar Madugula
|
0-0: Foul Ball, location: 2F 0-1: Called Strike 0-2: Hit by Pitch
|
|
Batting: SHB Ismael Bello
|
0-0: Fly out, F8 (Flyball, 8RXD, EV 89.4 MPH)
|
|
Batting: SHB Tony de Lara
|
0-0: Fly out, F9 (Flyball, 9D, EV 92.5 MPH)
|
|
Batting: RHB Jim Begger
|
0-0: Foul Ball, location: 2F 0-1: Fly out, F7 (Line Drive, 7, EV 103.8 MPH)
|
| Top of the 4th over - 0 runs, 0 hits, 0 errors, 1 left on base; Tacoma 2 - Salt Lake 1 |
| BOTTOM OF THE 4TH |
|
Salt Lake Bees batting - Pitching for Tacoma Rainiers : RHP Amine Laurent
|
|
Batting: LHB Matt Patnaude
|
0-0: Swinging Strike 0-1: Ball 1-1: Ball 2-1: Ball 3-1: Base on Balls
|
|
Batting: RHB Guillermo Mojica
|
0-0: Ball 1-0: Foul Ball, location: 2F 1-1: Foul Ball, location: 2F 1-2: Ball 2-2: Strikes out looking
|
|
Batting: RHB Ryan Marler
|
0-0: Ball Matt Patnaude steals 2nd base 1-0: Ball 2-0: Called Strike 2-1: Called Strike 2-2: Fly out, F8 (Flyball, 89M, EV 95.0 MPH)
|
|
Batting: SHB Ivan Barry
|
0-0: Ball 1-0: Foul Ball, location: 2F 1-1: Ground out 6-3 (Groundball, 56, EV 90.6 MPH)
|
| Bottom of the 4th over - 0 runs, 0 hits, 0 errors, 1 left on base; Tacoma 2 - Salt Lake 1 |
| TOP OF THE 5TH |
|
Tacoma Rainiers batting - Pitching for Salt Lake Bees : RHP Chris Wood
|
|
Batting: RHB Matt Berkley
|
0-0: Called Strike 0-1: Ball 1-1: Called Strike 1-2: Strikes out swinging
|
|
Batting: RHB David Aguilar
|
0-0: Ground out 6-3 (Groundball, 6, EV 81.2 MPH)
|
|
Batting: RHB Sean Peake
|
0-0: Foul Ball, location: 2F 0-1: Ground out 1-3 (Groundball, 34S, EV 66.2 MPH)
|
| Top of the 5th over - 0 runs, 0 hits, 0 errors, 0 left on base; Tacoma 2 - Salt Lake 1 |
| BOTTOM OF THE 5TH |
|
Salt Lake Bees batting - Pitching for Tacoma Rainiers : RHP Amine Laurent
|
|
Batting: RHB Reginald McDougall
|
0-0: Ball 1-0: Called Strike 1-1: SINGLE (Groundball, 56D, EV 96.2 MPH)
|
|
Batting: RHB Justin Lauderdale
|
0-0: Ball 1-0: Fielders Choice at 2nd, 6-4 (Groundball, 6, EV 96.9 MPH)
|
|
Batting: RHB Mike Harkins
|
0-0: Ball 1-0: Ball 2-0: Ball 3-0: Called Strike 3-1: Called Strike 3-2: Base on Balls Justin Lauderdale to second
|
|
Batting: LHB Vinny Carreno
|
0-0: Ball Justin Lauderdale steals 3rd base Mike Harkins to second 1-0: Called Strike 1-1: Fly out, F7 (Line Drive, 7, EV 83.8 MPH) Runner from 3rd tags up, SCORES, throw by LF
|
|
Now in LF: Sumiki Ryu
|
|
|
Batting: RHB Andres Mendiola
|
0-0: Fly out, F9 (Flyball, 9LD, EV 88.8 MPH)
|
| Bottom of the 5th over - 1 run, 1 hit, 0 errors, 1 left on base; Tacoma 2 - Salt Lake 2 |
| TOP OF THE 6TH |
|
Tacoma Rainiers batting - Pitching for Salt Lake Bees : RHP Chris Wood
|
|
Batting: RHB Bill Vives
|
0-0: Ball 1-0: Fly out, F9 (Flyball, 9, EV 83.8 MPH)
|
|
Batting: LHB Ryan Lowe
|
0-0: Ball 1-0: Ground out 4-3 (Groundball, 34, EV 85.0 MPH)
|
|
Batting: RHB Kumar Madugula
|
0-0: Swinging Strike 0-1: Ground out 5-3 (Groundball, 5, EV 100.0 MPH)
|
| Top of the 6th over - 0 runs, 0 hits, 0 errors, 0 left on base; Tacoma 2 - Salt Lake 2 |
| BOTTOM OF THE 6TH |
|
Salt Lake Bees batting - Pitching for Tacoma Rainiers : RHP Amine Laurent
|
|
Batting: LHB Matt Patnaude
|
0-0: Swinging Strike 0-1: Ball 1-1: Foul Ball, location: 2F 1-2: Foul Ball, location: 2F 1-2: Ball 2-2: Ground out 4-3 (Groundball, 34, EV 101.9 MPH)
|
|
Batting: RHB Guillermo Mojica
|
0-0: Ball 1-0: Foul Ball, location: 2F 1-1: Ball 2-1: Ball 3-1: Base on Balls
|
|
Pitching: RHP Settan Suzuki
|
|
|
Batting: RHB Ryan Marler
|
0-0: Ball 1-0: Ball 2-0: Called Strike Guillermo Mojica steals 2nd base 2-1: Ball 3-1: Base on Balls
|
|
Batting: SHB Ivan Barry
|
0-0: Called Strike 0-1: Ball 1-1: Ball 2-1: Ball 3-1: SINGLE (Groundball, 56D, EV 98.8 MPH) Guillermo Mojica to third Ryan Marler to second Runner from 3rd tries for Home, SAFE, throw by LF to home
|
|
Batting: RHB Reginald McDougall
|
0-0: 3-RUN HOME RUN (Flyball, 7LD, EV 97.5 MPH), Distance : 365 ft
|
|
Pitching: RHP Dan Dowdle
|
|
|
Batting: RHB Justin Lauderdale
|
0-0: Ball 1-0: Called Strike 1-1: Called Strike 1-2: Foul Ball, location: 2F 1-2: Foul Ball, location: 2F 1-2: Fly out, F4 (Popup, 23, EV 88.8 MPH)
|
|
Batting: RHB Mike Harkins
|
0-0: Ball 1-0: Called Strike 1-1: Ground out U3 (Groundball, 3L, EV 108.1 MPH)
|
| Bottom of the 6th over - 4 runs, 2 hits, 0 errors, 0 left on base; Tacoma 2 - Salt Lake 6 |
| TOP OF THE 7TH |
|
Tacoma Rainiers batting - Pitching for Salt Lake Bees : RHP Chris Wood
|
|
Batting: SHB Ismael Bello
|
0-0: Swinging Strike 0-1: Called Strike 0-2: Hit by Pitch
|
|
Batting: SHB Tony de Lara
|
0-0: Bunt missed! 0-1: Sac Bunt to 15S - play at first, batter OUT! 1-4 Ismael Bello to second
|
|
Batting: RHB Jim Begger
|
0-0: Called Strike 0-1: Ball 1-1: SINGLE (Groundball, 56, EV 100.0 MPH) (infield hit) Ismael Bello to third
|
|
Batting: RHB Matt Berkley
|
0-0: Swinging Strike 0-1: Foul Ball, location: 2F 0-2: Strikes out swinging
|
|
Batting: RHB Sumiki Ryu
|
0-0: Ball 1-0: Foul Ball, location: 2F 1-1: Foul Ball, location: 2F 1-2: Strikes out swinging
|
| Top of the 7th over - 0 runs, 1 hit, 0 errors, 2 left on base; Tacoma 2 - Salt Lake 6 |
| BOTTOM OF THE 7TH |
|
Salt Lake Bees batting - Pitching for Tacoma Rainiers : RHP Dan Dowdle
|
|
Pitching: RHP Nick Doty
|
|
|
Batting: LHB Vinny Carreno
|
0-0: Foul Ball, location: 2F 0-1: Swinging Strike 0-2: Ball 1-2: Ground out U3 (Groundball, 3, EV 86.2 MPH)
|
|
Batting: RHB Andres Mendiola
|
0-0: Ball 1-0: Foul Ball, location: 2F 1-1: Foul Ball, location: 2F 1-2: Ball 2-2: SOLO HOME RUN (Flyball, 89XD, EV 101.9 MPH), Distance : 403 ft
|
|
Batting: LHB Matt Patnaude
|
0-0: Ball 1-0: Foul Ball, location: 2F 1-1: Called Strike 1-2: Foul Ball, location: 2F 1-2: Ball 2-2: Foul Ball, location: 2F 2-2: Fly out, F9 (Line Drive, 9S, EV 92.5 MPH)
|
|
Batting: RHB Guillermo Mojica
|
0-0: Foul Ball, location: 2F 0-1: Ball 1-1: Foul Ball, location: 2F 1-2: Fly out, F8 (Flyball, 8LD, EV 93.8 MPH)
|
| Bottom of the 7th over - 1 run, 1 hit, 0 errors, 0 left on base; Tacoma 2 - Salt Lake 7 |
| TOP OF THE 8TH |
|
Tacoma Rainiers batting - Pitching for Salt Lake Bees : RHP Chris Wood
|
|
Batting: RHB Sean Peake
|
0-0: Ball 1-0: SINGLE (Groundball, 34D, EV 104.4 MPH)
|
|
Batting: RHB Bill Vives
|
0-0: Foul Ball, location: 2F 0-1: Ball 1-1: Ball 2-1: Foul Ball, location: 2F 2-2: Foul Ball, location: 2F 2-2: Strikes out looking
|
|
Batting: LHB Ryan Lowe
|
0-0: Called Strike 0-1: Foul Ball, location: 2F 0-2: Ball 1-2: Ball 2-2: Fly out, F8 (Flyball, 8LXD, EV 95.6 MPH)
|
|
Batting: RHB Kumar Madugula
|
0-0: Called Strike 0-1: Ball 1-1: Fielders Choice at 2nd, 6-4 (Groundball, 6, EV 107.5 MPH)
|
| Top of the 8th over - 0 runs, 1 hit, 0 errors, 1 left on base; Tacoma 2 - Salt Lake 7 |
| BOTTOM OF THE 8TH |
|
Salt Lake Bees batting - Pitching for Tacoma Rainiers : RHP Nick Doty
|
|
Batting: RHB Ryan Marler
|
0-0: Ball 1-0: Fly out, F8 (Flyball, 8RS, EV 78.1 MPH)
|
|
Batting: SHB Ivan Barry
|
0-0: Ball 1-0: Foul Ball, location: 2F 1-1: Foul Ball, location: 2F 1-2: Strikes out swinging
|
|
Batting: RHB Reginald McDougall
|
0-0: Ball 1-0: Foul Ball, location: 2F 1-1: Fly out, F9 (Line Drive, 9, EV 108.8 MPH)
|
| Bottom of the 8th over - 0 runs, 0 hits, 0 errors, 0 left on base; Tacoma 2 - Salt Lake 7 |
| TOP OF THE 9TH |
|
Tacoma Rainiers batting - Pitching for Salt Lake Bees : RHP Chris Wood
|
|
Batting: SHB Ismael Bello
|
0-0: Ball 1-0: Ball 2-0: Ball 3-0: Swinging Strike 3-1: Foul Ball, location: 2F 3-2: Strikes out swinging
|
|
Pitching: LHP Brennan Duncan
|
|
|
Batting: SHB Tony de Lara
|
0-0: Ground out U3 (Groundball, 13, EV 83.1 MPH)
|
|
Batting: RHB Jim Begger
|
0-0: Ground out 4-3 (Groundball, 4M, EV 101.9 MPH)
|
| Top of the 9th over - 0 runs, 0 hits, 0 errors, 0 left on base; Tacoma 2 - Salt Lake 7 |
|